 Dungeon Crawl Stone Soup version 0.25-a0-71-ge910a4a285 (webtiles) character file.

Game seed: 1528340847275878107, levelgen mode: deterministic

5952 ddbb00 the Basher (level 10, -12/102 HPs)
             Began as a Troll Berserker on Nov 4, 2019.
             Was a High Priest of Trog.
             Mangled by a warg (13 damage)
             ... on level 11 of the Dungeon on Nov 6, 2019.
             The game lasted 02:20:25 (8600 turns).

ddbb00 the Basher (Troll Berserker)                 Turns: 8600, Time: 02:20:26

Health: -12/102    AC:  6    Str: 30    XL:     10   Next: 54%
Magic:  0/3        EV: 12    Int:  8    God:    Trog [*****.]
Gold:   288        SH:  0    Dex:  9    Spells: 9/9 levels left

rFire    . . .     SeeInvis .   D - +1 morningstar (antimagic)
rCold    . . .     Gourm    +   (no shield)
rNeg     . . .     Faith    .   C - +0 robe
rPois    .         Spirit   +   (helmet restricted)
rElec    .         Reflect  .   q - scarf {Spirit}
rCorr    .         Harm     .   (gloves unavailable)
MR       .....                  (boots unavailable)
Stlth    ++........             (no amulet)
HPRegen  0.67/turn              s - ring of stealth
MPRegen  0.08/turn              i - +5 ring of intelligence

@: berserk cooldown, slowed, very slow
A: large, unfitting armour, claws 3, fast metabolism 3, gourmand, regeneration
1, shaggy fur 1, tough skin 3
a: Berserk, Trog's Hand, Brothers in Arms, Renounce Religion


You were on level 11 of the Dungeon.
You worshipped Trog.
Trog was extremely pleased with you.
You were not hungry.

You visited 1 branch of the dungeon, and saw 11 of its levels.

You collected 288 gold pieces.

Inventory:

Hand Weapons
 a - a +0 mace
 y - a +2 dagger of venom
 D - a +1 antimagic morningstar (weapon)
 G - a +0 quarterstaff of freezing
 K - a +0 shortbow
 M - a +1 morningstar
 O - a +0 rapier of venom
 R - a +1 quarterstaff of pain
 S - a +1 trident of freezing
Missiles
 e - 22 poisoned darts
 m - 92 bolts
 p - 176 arrows
 x - 3 boomerangs (quivered)
Armour
 b - a +0 animal skin
 q - a scarf of spirit shield (worn)
 C - a +0 robe (worn)
 H - a +1 robe of cold resistance
Magical Staves
 t - an uncursed staff of summoning {unknown}
Jewellery
 i - a +5 ring of intelligence (right claw)
 l - a +4 ring of dexterity
 o - an uncursed amulet of the acrobat {unknown}
 s - a ring of stealth (left claw)
 T - an uncursed ring of ice
Wands
 r - a wand of iceblast (4)
 F - a wand of clouds (4)
 J - a wand of enslavement (9)
Scrolls
 g - a scroll of identify
 j - 7 scrolls of teleportation
 v - a scroll of enchant armour {unknown}
 w - 4 scrolls of remove curse
 B - a scroll of enchant weapon {unknown}
 E - a scroll of fear {unknown}
 N - a scroll of fog {unknown}
 P - a scroll of magic mapping {unknown}
 Q - a scroll of noise {unknown}
Potions
 d - 3 potions of might
 h - 2 potions of ambrosia
 k - 2 potions of agility
 n - 5 potions of curing
 u - a potion of magic {unknown}
 z - a potion of berserk rage
 A - 3 potions of flight
 I - 2 potions of lignification {unknown}
 L - a potion of brilliance
Comestibles
 c - 18 rations
 U - a chunk of flesh


   Skills:
 + Level 7.0 Fighting
 * Level 10.6 Maces & Flails
 + Level 7.3 Dodging
 - Level 0.3 Stealth


You had 9 spell levels left.
You didn't know any spells.
Your spell library contained the following spells:

 Spells                   Type           Power        Failure   Level  Hunger
 Flame Tongue             Conj/Fire      #....        41%         1    ##.....
 Summon Butterflies       Summ           #.......     41%         1    ##.....
 Throw Flame              Conj/Fire      #.....       54%         2    ###....
 Call Canine Familiar     Summ           #.......     78%         3    ####...
 Conjure Flame            Conj/Fire      #.......     78%         3    ####...
 Inner Flame              Hex/Fire       #.......     78%         3    ####...
 Sticky Flame             Conj/Fire      #.......     99%         4    #####..
 Summon Ice Beast         Ice/Summ       #.......     99%         4    #####..
 Fireball                 Conj/Fire      #.........   100%        5    ######.
 Summon Mana Viper        Hex/Summ       #.......     100%        5    ######.
 Summon Hydra             Summ           #.........   100%        7    #######


Dungeon Overview and Level Annotations

Branches:
Dungeon (10/15)            Temple (0/1) D:7
   Lair: D:8-11         Orc: D:9-12

Altars:
Ashenzari
Cheibriados
Dithmenos
Fedhas
Gozag
Kikubaaqudgha
Nemelex Xobeh
Qazlal
Trog
Uskayaw
Yredelemnul
Zin
The Shining One

Annotations:
D:5 Prince Ribbit
D:6 2 transporters


Innate Abilities, Weirdness & Mutations

You are too large for most types of armour.
You have claws for hands.
Your metabolism is lightning-fast.
You like to eat raw meat.
Your natural rate of healing is unusually fast.
You are covered in fur. (AC +1)
You have extremely tough skin. (AC +3)


Message History

You puncture the warg!
The warg is moderately wounded.
Something hits you but does no damage. The warg closely misses you.
An orc comes into view. It is wielding a +2 flail of crushing.
The warg bites you!
* * * LOW HITPOINT WARNING * * *
An orc wizard comes into view. It is wielding a +0 dagger. x2
You feel much better. Something hits you.
* * * LOW HITPOINT WARNING * * *
The warg closely misses you. The warg bites you but does no damage.
Your ogre goes berserk!
You feel quite a bit more hungry. Something hits you!
* * * LOW HITPOINT WARNING * * *
Something hits your ogre!
The orc wizard looks encouraged for a moment.
The warg bites you!
* * * LOW HITPOINT WARNING * * *
A warg comes into view.
The warg bites you!
You die...

### . ###.## ..
#....#####
...###.[..#..#
.............##
..>....O......#
.......@[.#....#
.?....h..## ...
........... #
...o.....#...
.o..####......#
.o.. #.......
... ........ h.
........


You could see 2 wargs, 2 orc wizards, an orc and a friendly ogre (berserk).

Vanquished Creatures
  Fannar (D:11)
  A two-headed ogre (D:8)
  A hippogriff (D:9)
  A human (D:9)
  2 yaks (D:9)
  2 hogs (D:9)
  A water moccasin (D:9)
  3 orc warriors
  A phantom (D:8)
  A sky beast (D:9)
  An eye of draining (D:11)
  2 ogres
  5 centaurs
  4 bullfrogs
  A gnoll sergeant (D:9)
  4 scorpions
  3 killer bees
  An electric eel (D:7)
  5 wights (D:7)
  3 howler monkeys
  5 crimson imps
  3 bullfrog zombies
  A jelly (D:6)
  2 hounds (D:9)
  2 centaur skeletons
  2 orc priests (D:4)
  8 orc wizards
  A bullfrog skeleton (D:6)
  4 iguanas
  Terence (D:2)
  7 worker ants
  2 killer bee zombies
  A hound zombie (D:9)
  A mummy (D:6)
  A worker ant zombie (D:9)
  7 gnolls
  12 adders
  A howler monkey skeleton (D:4)
  6 shadow imps
  2 oozes
  An adder zombie (D:8)
  3 adder skeletons
  3 worms
  3 dart slugs
  6 leopard geckos
  29 orcs
  A ball python (D:1)
  5 bats
  12 giant cockroaches
  11 goblins
  3 hobgoblins
  7 jackals
  2 quokkas
  8 frilled lizards
  A jackal zombie (D:5)
  4 kobolds
  A quokka zombie (D:5)
  8 rats
220 creatures vanquished.

Vanquished Creatures (collateral kills)
  An orc wizard (D:6)
  A leopard gecko (D:6)
  2 orcs (D:6)
4 creatures vanquished.

Vanquished Creatures (others)
  3 fungi (D:8)
  3 plants (D:5)
6 creatures vanquished.

Grand Total: 230 creatures vanquished

Notes
Turn   | Place    | Note
-------+----------+-------------------------------------------
     0 | D:1      | ddbb00 the Troll Berserker began the quest for the Orb.
     0 | D:1      | Reached XP level 1. HP: 22/22 MP: 0/0
   287 | D:1      | Reached XP level 2. HP: 29/29 MP: 1/1
   379 | D:1      | Reached skill level 3 in Maces & Flails
   584 | D:2      | Reached XP level 3. HP: 33/36 MP: 2/2
   622 | D:2      | Noticed Terence
   629 | D:2      | You fall into a shaft and drop 1 floor!
   640 | D:3      | Reached ** piety under Trog
   720 | D:3      | Reached XP level 4. HP: 14/44 MP: 3/3
   888 | D:2      | Killed Terence
   966 | D:2      | Found a faded altar of an unknown god.
  1323 | D:3      | Reached skill level 4 in Maces & Flails
  1329 | D:3      | Reached XP level 5. HP: 40/53 MP: 4/4
  1459 | D:3      | Found a glowing silver altar of Zin.
  1547 | D:3      | Reached *** piety under Trog
  1967 | D:4      | Reached XP level 6. HP: 59/61 MP: 1/5
  2082 | D:4      | Found a shattered altar of Ashenzari.
  2166 | D:4      | Reached skill level 5 in Maces & Flails
  2568 | D:4      | Found a snail-covered altar of Cheibriados.
  2568 | D:4      | Found an ancient bone altar of Kikubaaqudgha.
  2704 | D:5      | Entered Level 5 of the Dungeon
  2712 | D:5      | Reached XP level 7. HP: 65/67 MP: 1/6
  3090 | D:5      | Found a sparkling altar of Nemelex Xobeh.
  3145 | D:5      | Noticed Prince Ribbit
  3202 | D:5      | Reached skill level 6 in Maces & Flails
  3722 | D:5      | Reached XP level 8. HP: 42/78 MP: 1/7
  4058 | D:6      | Found a shadowy altar of Dithmenos.
  4108 | D:6      | Found a basalt altar of Yredelemnul.
  4195 | D:6      | Reached skill level 5 in Dodging
  4260 | D:6      | Found a glowing drain.
  4272 | D:6      | Reached **** piety under Trog
  4464 | D:6      | Found a sand-covered staircase.
  4551 | D:6      | Reached skill level 7 in Maces & Flails
  4598 | D:6      | Found a hide-covered altar of Uskayaw.
  4598 | D:6      | Noticed a tengu warrior
  4598 | D:6      | Noticed a purple ugly thing
  4605 | D:6      | Found a transporter.
  4662 | D:6      | Found a transporter.
  5163 | D:7      | Reached skill level 5 in Fighting
  5259 | D:7      | Reached skill level 8 in Maces & Flails
  5259 | D:7      | Reached XP level 9. HP: 84/88 MP: 2/8
  5493 | D:7      | Found a staircase to the Ecumenical Temple.
  5638 | D:8      | Found an opulent altar of Gozag.
  5640 | D:8      | Found a blossoming altar of Fedhas.
  5640 | D:8      | Found a bloodstained altar of Trog.
  5967 | D:8      | Found a stormy altar of Qazlal.
  6102 | D:8      | Noticed a two-headed ogre
  6362 | D:8      | Found a glowing golden altar of the Shining One.
  6666 | D:8      | Killed a two-headed ogre
  6666 | D:8      | Reached skill level 9 in Maces & Flails
  6801 | D:8      | Reached ***** piety under Trog
  7241 | D:9      | Reached XP level 10. HP: 93/100 MP: 1/9
  7591 | D:9      | Reached skill level 10 in Maces & Flails
  8567 | D:10     | Entered Level 10 of the Dungeon
  8580 | D:10     | You fall into a shaft and drop 1 floor!
  8580 | D:11     | Noticed Fannar
  8589 | D:11     | Killed Fannar
  8600 | D:11     | HP: 1/102 [warg (10)]
  8600 | D:11     | Mangled by a warg

Levels and vault maps discovered:
D:1:      giann_bridges, layout_rooms
D:2:      layout_rooms, chequers_ecumenical_altar_simple_redux, first_ration,
          kennysheep_generic_room_7, uniq_terence
D:3:      layout_basic, zin_scriptorium
D:4:      layout_rooms, evilmike_ruin_ashenzari, amethyst_overflow_temple_binary
D:5:      cheibrodos_two_vegetables, layout_gridville,
          nemelex_xobeh_ov_fountains_minmay, uniq_prince_ribbit1
D:6:      layout_loops_ring, nicolae_overflow_crystal_walls,
          gammafunk_temple_overflow_arena, gup_ossuary_entry_pyramid,
          portal_sewer_entry_f, grunt_dithmenos_smoke
D:7:      layout_cave_pools, minmay_temple_entry_ruins, minivault_14,
          chequers_hall_statues_wall_a
D:8:      old_forge, layout_layer_cave,
          chequers_temple_overflow_statue_of_worship, tso_oasis_becter,
          nicolae_qazlal_eye_of_the_storm
D:9:      layout_grid_maze, grunt_livestock
D:10:     layout_basic, roderic_batcave
D:11:     layout_cave_pools, lair_entry_dummy, david_orc_3, uniq_fannar

Skill      XL: |  1  2  3  4  5  6  7  8  9 10 |
---------------+-------------------------------+-----
Maces & Flails | 3 4 5 6 8 9 10 | 10.6
Dodging        | 3 4 5 6 7 |  7.3
Fighting       | 3 4 5 6 7 |  7.0
Stealth        | |  0.3

Action                   |  1- 3 |  4- 6 |  7- 9 | 10-12 || total
-------------------------+-------+-------+-------+-------++-------
Melee: Mace              |   115 |   156 |       |       ||   271
       Morningstar       |       |    74 |   423 |   101 ||   598
       Dagger            |       |     5 |       |       ||     5
 Fire: Shortbow          |       |       |     2 |       ||     2
Throw: Boomerang         |       |       |    17 |       ||    17
Invok: Berserk           |     1 |     2 |     7 |     3 ||    13
       Trog's Hand       |       |     2 |     3 |       ||     5
       Brothers in Arms  |       |       |     1 |     1 ||     2
Evoke: Wand              |       |       |     1 |       ||     1
  Use: Scroll            |     3 |     5 |     6 |       ||    14
       Potion            |       |     1 |     5 |     1 ||     7
 Stab: Sleeping          |       |     1 |     2 |     2 ||     5
  Eat: Ration            |     1 |     1 |     7 |       ||     9
       Chunk             |       |    24 |    24 |    18 ||    66
Armor: Animal skin       |    66 |    95 |       |       ||   161
       Robe              |       |    12 |   120 |    30 ||   162
Dodge: Dodged            |    78 |   163 |   281 |    54 ||   576

Table legend:
 A = Non-vault XP
 B = Vault XP
 C = Vault XP percentage of total XP
 D = Non-vault monster count
 E = Vault monster count
 F = Vault count percentage of total count
                 A         B        C        D         E       F
            +---------+---------+-------+---------+---------+-------
      Total |    6130 |    2374 |  27.9 |     203 |      21 |   9.4
            +---------+---------+-------+---------+---------+-------
        D:1 |      38 |       0 |   0.0 |      21 |       0 |   0.0
        D:2 |      39 |      38 |  49.4 |      12 |       2 |  14.3
        D:3 |     264 |       0 |   0.0 |      42 |       0 |   0.0
        D:4 |     327 |       0 |   0.0 |      16 |       0 |   0.0
        D:5 |     641 |     146 |  18.6 |      22 |       2 |   8.3
        D:6 |     727 |      32 |   4.2 |      19 |       7 |  26.9
        D:7 |     965 |       0 |   0.0 |      23 |       0 |   0.0
        D:8 |    1749 |     147 |   7.8 |      21 |       4 |  16.0
        D:9 |    1252 |    1004 |  44.5 |      25 |       5 |  16.7
       D:11 |     128 |    1007 |  88.7 |       2 |       1 |  33.3
            +---------+---------+-------+---------+---------+-------
